[Event "III Copa Marcel Duchamp 2019"]
[Site "Montevideo"]
[Date "2019.02.13"]
[Round "6.11"]
[White "Lujan, Carolina"]
[Black "Rupel, David"]
[Result "1-0"]
[ECO "B10"]
[WhiteElo "2357"]
[BlackElo "1953"]
[Annotator "NA RC"]
[PlyCount "65"]
[EventDate "2019.02.09"]
[EventType "swiss"]
[EventCountry "URU"]
[SourceTitle "playchess.com"]
[Source "ChessBase"]
[SourceQuality "1"]
[TimeControl "5400+30"]

1. e4 c6 2. Nc3 d5 3. Nf3 Nf6 4. e5 Ne4 5. d4 Nxc3 6. bxc3 {B11: Caro-Kann: Two Knights Variation} Bg4 7. h3 Bxf3 8. Qxf3 e6 9. Bd3 Nd7 10. O-O b5 $146 ({Predecessor:} 10... Qc7 11. c4 Be7 12. Rb1 dxc4 13. Bxc4 O-O 14. Qe4 g6 15. f4 Nb6 16. Bd3 {½-½ (16) Solak,D (2599)-Rodshtein,M (2634) Valjevo 2012}) 11. Qg3 Nb6 12. Bg5 Qd7 {[#]} (12... Be7 $1 $14 13. Bxe7 Qxe7) 13. f4 $1 h6 14. Bh4 Be7 15. Bxe7 Qxe7 16. Qxg7 O-O-O 17. Bg6 Rdf8 18. Bh7 Kd8 (18... Re8 $142) 19. Rf3 Nd7 20. a4 f5 21. exf6 Qxf6 (21... Nxf6 {was necessary.} 22. Qxe7+ Kxe7) 22. Qxf6+ Nxf6 23. Bd3 bxa4 24. Rxa4 Rf7 25. Re3 Re7 26. g4 Rhe8 27. Ra6 Rc7 28. g5 hxg5 (28... Rg7 {is a better defense.} 29. g6 Ne4 30. Bxe4 (30. Rxc6 Rxg6+ 31. Kf1 Re7 $18) 30... dxe4) 29. fxg5 Rg7 30. h4 Nh5 31. Rf3 c5 32. dxc5 $18 e5 33. Bb5 1-0

[Event "III Copa Marcel Duchamp 2019"]
[Site "Montevideo"]
[Date "2019.02.13"]
[Round "6.19"]
[White "Escofet, Jaime"]
[Black "Hernandez Amura, Gilberto"]
[Result "0-1"]
[ECO "A01"]
[WhiteElo "1957"]
[BlackElo "2199"]
[Annotator "RC"]
[PlyCount "66"]
[EventDate "2019.02.09"]
[EventType "swiss"]
[EventCountry "URU"]
[SourceTitle "playchess.com"]
[Source "ChessBase"]
[SourceQuality "1"]
[TimeControl "5400+30"]

1. b3 Nf6 2. Bb2 g6 3. Bxf6 exf6 4. c4 Bg7 5. Nc3 O-O 6. g3 Nc6 7. Bg2 d6 8. Nf3 Bg4 9. h3 Bxf3 10. Bxf3 f5 11. O-O h5 12. h4 f4 13. Rc1 fxg3 14. fxg3 Qd7 15. Bg2 Qg4 16. Ne4 Nd4 17. Kh2 Be5 18. Bf3 Qxh4+ 19. Kg2 Qe7 20. e3 Nf5 21. Kf2 c6 22. Rg1 d5 23. cxd5 cxd5 24. Nc5 Rac8 25. Nd3 d4 26. e4 Rxc1 27. Qxc1 Nd6 28. g4 Bh2 29. Rg2 Nxe4+ 30. Bxe4 Qxe4 31. Rxh2 Qxd3 32. gxh5 Re8 33. Kg1 Qg3+ 0-1

[Event "III Copa Marcel Duchamp 2019"]
[Site "Montevideo"]
[Date "2019.02.13"]
[Round "6.25"]
[White "Guerrero, Alvaro"]
[Black "Avedisian, Alexander"]
[Result "1-0"]
[ECO "E81"]
[WhiteElo "2096"]
[BlackElo "1921"]
[Annotator "NA RC"]
[PlyCount "59"]
[EventDate "2019.02.09"]
[EventType "swiss"]
[EventCountry "URU"]
[SourceTitle "playchess.com"]
[Source "ChessBase"]
[SourceQuality "1"]
[TimeControl "5400+30"]

1. d4 Nf6 2. c4 g6 3. Nc3 Bg7 4. e4 d6 5. f3 O-O 6. d5 c5 7. Nge2 e6 8. Ng3 exd5 9. cxd5 a6 10. a4 Nbd7 11. Be2 Ne5 {A65: Modern Benoni: 6 e4} (11... Ne8 12. Bf4 Rb8 13. O-O c4 14. Bxc4 Qb6+ 15. Rf2 Bd4 16. Qd2 Ne5 17. Bf1 Bxf2+ 18. Qxf2 Qxf2+ 19. Kxf2 {½-½ (32) Carlsen,M (2835)-Nepomniachtchi,I (2763) Wijk aan Zee 2019}) 12. O-O Nh5 $146 ({Predecessor:} 12... h5 13. Bg5 Rb8 14. f4 Neg4 15. e5 dxe5 16. fxe5 Nxe5 17. Nce4 Ned7 18. Qc1 Qe8 19. Rxf6 {1-0 (37) Gupta,A (2619)-S,M (2204) Kolkata 2018}) 13. Nxh5 gxh5 14. Kh1 f5 15. exf5 Bxf5 16. a5 Kh8 17. Ra4 Rg8 18. Ne4 Bxe4 19. Rxe4 ({Don't play} 19. fxe4 $6 Rf8 $11) 19... Qxa5 20. Rh4 Bf6 21. Rxh5 Qc7 22. f4 Qg7 23. g3 Ng6 24. Bd3 Raf8 25. Bf5 $18 Re8 26. Qc2 Bd4 27. Be6 Rgf8 28. f5 Qe5 29. Qg2 b5 30. Rxh7+ 1-0

[Event "III Copa Marcel Duchamp 2019"]
[Site "Montevideo"]
[Date "2019.02.13"]
[Round "6.26"]
[White "De la Torre, Andres"]
[Black "Sosa Macho, Juan Manuel"]
[Result "0-1"]
[ECO "A04"]
[WhiteElo "1634"]
[BlackElo "2079"]
[Annotator "NA RC"]
[PlyCount "22"]
[EventDate "2019.02.09"]
[EventType "swiss"]
[EventCountry "URU"]
[SourceTitle "playchess.com"]
[Source "ChessBase"]
[SourceQuality "1"]
[TimeControl "5400+30"]

1. Nf3 Nc6 2. g3 e5 3. d3 d5 4. Bg2 Bg4 5. c3 Be7 6. Nbd2 Qd7 7. e4 dxe4 8. dxe4 O-O-O 9. h3 Be6 10. Qa4 Kb8 11. Nb3 Qd1# {Nbd2 Qxf3 Nxf3 Rc8 Nd2} 0-1

[Event "III Copa Marcel Duchamp 2019"]
[Site "Montevideo"]
[Date "2019.02.13"]
[Round "6.27"]
[White "Meza, Anahi"]
[Black "Hart, Alexander"]
[Result "1-0"]
[ECO "D45"]
[WhiteElo "2058"]
[BlackElo "1881"]
[Annotator "NA RC"]
[PlyCount "41"]
[EventDate "2019.02.09"]
[EventType "swiss"]
[EventCountry "URU"]
[SourceTitle "playchess.com"]
[Source "ChessBase"]
[SourceQuality "1"]
[TimeControl "5400+30"]

1. d4 d5 2. c4 c6 3. Nf3 Nf6 4. Nc3 e6 5. e3 Nbd7 6. Qc2 Bd6 7. Bd3 dxc4 8. Bxc4 b5 9. Be2 {D46: Semi-Slav: 5 e3 Nbd7 6 Bd3, Black avoids the Meran} a6 (9... O-O 10. O-O Bb7 11. Rd1 Qc7 12. a3 a6 13. b4 a5 14. Bd2 axb4 15. axb4 Nd5 16. Rac1 Nxb4 17. Qb1 Be7 18. Nxb5 Qa5 19. Rc4 Qxb5 20. Bxb4 Bxb4 21. Rxb4 Qxe2 22. Rxb7 {1-0 (76) Sasikiran,K (2666)-Pourramezanali,A (2537) Hamedan 2018}) 10. O-O Bb7 11. e4 e5 12. dxe5 Nxe5 13. Nh4 Nd5 $146 ({Predecessor:} 13... Nfg4 14. Nf5 g6 15. Nxd6+ Qxd6 16. g3 Nf6 {1-0 (40) Tarun,K (2120)-Larmet,N (1835) Mumbai 2019}) 14. Nf5 ({Weaker is} 14. exd5 Qxh4 15. f4 cxd5 $18) 14... Nb4 15. Qb3 ({Less strong is} 15. Nxg7+ Kf8 $16) 15... g6 $2 (15... Bf8 16. Bf4 Nbd3) 16. Nxd6+ Qxd6 17. Rd1 Ned3 18. a3 c5 19. axb4 c4 {[#]} 20. Bxd3 $1 O-O-O 21. Bxc4 $18 1-0

[Event "III Copa Marcel Duchamp 2019"]
[Site "Montevideo"]
[Date "2019.02.13"]
[Round "6.31"]
[White "Augoustis Funti, Alexis"]
[Black "Areco, Antonio"]
[Result "1-0"]
[ECO "B21"]
[WhiteElo "1984"]
[BlackElo "1750"]
[Annotator "NA RC"]
[PlyCount "51"]
[EventDate "2019.02.09"]
[EventType "swiss"]
[EventCountry "URU"]
[SourceTitle "playchess.com"]
[Source "ChessBase"]
[SourceQuality "1"]
[TimeControl "5400+30"]

1. e4 c5 2. d4 cxd4 3. c3 dxc3 4. Nxc3 g6 5. Bc4 Nc6 6. Nf3 Bg7 7. O-O e6 8. Qe2 Nge7 9. Bg5 {B21: Sicilian: 2 f4 and Morra Gambit} (9. e5 a6 10. a4 b6 11. Bg5 Qc7 12. Bf6 Bxf6 13. exf6 Nf5 14. Rfd1 Kf8 15. Qd2 h5 16. Bd3 Nh6 {1-0 (57) Amaral,F (1583)-Amorena,J (1703) Uruguay 2017}) 9... Qa5 ({Predecessor:} 9... O-O 10. Rfd1 Qa5 11. Bd2 {1-0 (11) Cser,A (657)-Schubert,M (800) LSS email 2009}) 10. Nd5 Nxd5 11. exd5 Nd4 12. Nxd4 Bxd4 13. Rfd1 Bg7 14. dxe6 fxe6 15. Rd5 Qb6 16. Rb5 Qc7 17. Rc1 Qd6 18. Rd5 Qb6 $1 {[#]} 19. Rb5 ({White should try} 19. b4 $1 $16) 19... Qd6 20. Qf3 $14 Qf8 21. Qe3 Qf7 22. Qc5 Bf8 23. Qe5 Bg7 24. Qd6 h6 25. Bd3 hxg5 26. Rbc5 1-0

[Event "III Copa Marcel Duchamp 2019"]
[Site "Montevideo"]
[Date "2019.02.13"]
[Round "6.32"]
[White "Soto, Nicolas"]
[Black "Chamlian, Aram"]
[Result "1-0"]
[ECO "B31"]
[WhiteElo "1982"]
[BlackElo "1739"]
[Annotator "NA RC"]
[PlyCount "85"]
[EventDate "2019.02.09"]
[EventType "swiss"]
[EventCountry "URU"]
[SourceTitle "playchess.com"]
[Source "ChessBase"]
[SourceQuality "1"]
[TimeControl "5400+30"]

1. e4 c5 2. Nf3 Nc6 3. Bb5 g6 4. Bxc6 bxc6 5. O-O Bg7 6. c3 e5 7. Re1 Ne7 8. Qa4 O-O 9. d3 d6 10. h3 h6 11. Nbd2 Be6 $15 12. d4 cxd4 13. cxd4 exd4 14. Nxd4 Bd7 15. N4f3 d5 16. Qa3 Re8 17. e5 Nf5 18. Nb3 Bf8 19. Nc5 Bxc5 20. Qxc5 Qb6 21. Qxb6 axb6 22. g4 Ne7 23. Bxh6 c5 24. a3 d4 25. Nd2 Nc6 26. f4 Be6 27. Ne4 Na5 28. Nf6+ Kh8 29. Nxe8 Rxe8 30. Rad1 Bb3 31. Rd3 Bc4 32. Rf3 d3 33. f5 Nb3 34. Rf2 gxf5 35. gxf5 Nd4 36. Bd2 Bd5 37. Re3 c4 38. Kh2 Nc2 39. Rg3 Rxe5 40. Bc3 f6 41. Bxe5 fxe5 42. f6 e4 43. Rf4 1-0

[Event "III Copa Marcel Duchamp 2019"]
[Site "Montevideo"]
[Date "2019.02.14"]
[Round "7.13"]
[White "Muniz, Rafael"]
[Black "Trois, Francisco R.T."]
[Result "1-0"]
[ECO "B06"]
[WhiteElo "2250"]
[BlackElo "2152"]
[Annotator "NA RC"]
[PlyCount "79"]
[EventDate "2019.02.09"]
[EventType "swiss"]
[EventCountry "URU"]
[SourceTitle "playchess.com"]
[Source "ChessBase"]
[SourceQuality "1"]
[TimeControl "5400+30"]

1. e4 d6 2. d4 g6 3. Nc3 Bg7 4. Be3 c6 5. a4 a5 6. h3 Nf6 7. Nf3 O-O 8. Be2 Na6 9. O-O Nb4 10. Qd2 Qc7 11. Bh6 e5 12. Bxg7 Kxg7 13. dxe5 dxe5 14. Rfd1 Be6 15. Rac1 Rad8 16. Qg5 Nd7 17. Rd2 f6 18. Qe3 Nb6 19. Qc5 Rxd2 20. Nxd2 Nc8 21. Bg4 b6 22. Qe3 Bf7 23. Ncb1 Na6 24. Na3 Nd6 25. b3 Nc5 26. Be2 Rd8 27. h4 Qe7 28. Bc4 Nxc4 29. Naxc4 Qa7 30. h5 g5 31. Nxe5 Re8 32. h6+ Kxh6 33. Ng4+ Kg6 34. e5 f5 35. Nf6 Re6 36. Nf3 f4 37. Qe2 Qe7 38. Nh4+ gxh4 39. Qh5+ Kg7 40. Qxh7+ 1-0

[Event "III Copa Marcel Duchamp 2019"]
[Site "Montevideo"]
[Date "2019.02.14"]
[Round "7.14"]
[White "Barreto, Ignacio C. de Barro"]
[Black "Meza, Anahi"]
[Result "1-0"]
[ECO "A45"]
[WhiteElo "2212"]
[BlackElo "2058"]
[Annotator "NA RC"]
[PlyCount "65"]
[EventDate "2019.02.09"]
[EventType "swiss"]
[EventCountry "URU"]
[SourceTitle "playchess.com"]
[Source "ChessBase"]
[SourceQuality "1"]
[TimeControl "5400+30"]

1. d4 Nf6 2. Nc3 c5 3. d5 e6 4. e4 exd5 5. e5 Ng8 6. Qxd5 Ne7 7. Qe4 a6 8. Bf4 Ng6 9. Bg3 Be7 10. h4 Nc6 11. Nf3 Nf8 12. O-O-O Ne6 13. Bc4 b5 14. Bd5 Bb7 15. Qg4 h5 16. Qe4 Qa5 17. Kb1 Rb8 18. Ng5 Bxg5 19. hxg5 g6 20. f4 b4 21. Ne2 b3 22. axb3 O-O 23. Be1 Qc7 24. g4 Ne7 25. c4 Bc6 26. gxh5 Rxb3 27. Nc1 Rb7 28. Bc3 Rfb8 29. Rh2 Ng7 30. hxg6 Nxg6 31. Qxg6 Bxd5 32. Qh7+ Kf8 33. cxd5 1-0

[Event "III Copa Marcel Duchamp 2019"]
[Site "Montevideo"]
[Date "2019.02.14"]
[Round "7.15"]
[White "Coppola, Claudio"]
[Black "Guerrero, Alvaro"]
[Result "1-0"]
[ECO "B06"]
[WhiteElo "2209"]
[BlackElo "2096"]
[Annotator "NA RC"]
[PlyCount "51"]
[EventDate "2019.02.09"]
[EventType "swiss"]
[EventCountry "URU"]
[SourceTitle "playchess.com"]
[Source "ChessBase"]
[SourceQuality "1"]
[TimeControl "5400+30"]

1. d4 g6 2. e4 Bg7 3. Nc3 d6 4. Be3 Nf6 5. f3 O-O 6. Qd2 e5 7. O-O-O Nbd7 8. dxe5 Nxe5 9. Bh6 Bxh6 10. Qxh6 Be6 11. Nge2 c6 12. h4 Ne8 13. Nd4 Qf6 14. h5 Qg7 15. Qe3 Rd8 16. hxg6 Nxg6 17. f4 Bg4 18. Nf5 Bxf5 19. exf5 Nh8 20. Rh3 Nf6 21. Be2 Rfe8 22. Qf2 Kf8 23. Rdh1 b6 24. Bf3 Ng4 25. Bxg4 Qxg4 26. f6 1-0

[Event "III Copa Marcel Duchamp 2019"]
[Site "Montevideo"]
[Date "2019.02.14"]
[Round "7.24"]
[White "Pichuaga, Juan Pablo"]
[Black "Baudel, Simon"]
[Result "1-0"]
[ECO "A10"]
[WhiteElo "2027"]
[BlackElo "1847"]
[Annotator "NA RC"]
[PlyCount "119"]
[EventDate "2019.02.09"]
[EventType "swiss"]
[EventCountry "URU"]
[SourceTitle "playchess.com"]
[Source "ChessBase"]
[SourceQuality "1"]
[TimeControl "5400+30"]

1. c4 b6 2. Nc3 Bb7 3. e4 c5 4. Nf3 g6 5. d4 cxd4 6. Nxd4 Bg7 7. Be2 Nc6 8. Be3 d6 9. O-O Nf6 10. f3 O-O 11. Qd2 Nxd4 12. Bxd4 Rc8 13. Rfc1 Ne8 14. a4 Bxd4+ 15. Qxd4 a5 16. Nd5 Rb8 17. Qxb6 Qxb6+ 18. Nxb6 Nf6 19. e5 Bc6 20. exf6 Rxb6 21. fxe7 Re8 22. c5 dxc5 23. Rxc5 Rxe7 24. Bc4 Ra7 25. b3 Kf8 26. Rd1 Bd7 27. Re1 Be6 28. Ree5 Bxc4 29. bxc4 Rb4 30. Rxa5 Rxa5 31. Rxa5 Rxc4 32. Kf2 Rc3 33. Ra7 Ra3 34. Kg3 Ra2 35. a5 Kg7 36. Kh3 Kf6 37. g4 Ra3 38. Kg3 h6 39. h4 g5 40. hxg5+ hxg5 41. Ra8 Kg7 42. Kf2 Kf6 43. Ke2 Ke5 44. Ra6 Ra2+ 45. Ke3 Ra3+ 46. Kf2 Ra2+ 47. Kg3 Ra3 48. Ra8 Kf6 49. Ra6+ Ke5 50. Ra7 Kf6 51. Kf2 Ra2+ 52. Kg3 Ra3 53. a6 Kg6 54. Ra8 Kg7 55. Kf2 Kf6 56. a7 Kg7 57. Ke2 Kf6 58. Kd2 Ke7 59. Kc2 Kd7 60. Rf8 1-0

[Event "III Copa Marcel Duchamp 2019"]
[Site "Montevideo"]
[Date "2019.02.14"]
[Round "7.25"]
[White "Campora, Edgardo"]
[Black "Torella, Rodolfo"]
[Result "0-1"]
[ECO "B06"]
[WhiteElo "1663"]
[BlackElo "2022"]
[Annotator "NA RC"]
[PlyCount "72"]
[EventDate "2019.02.09"]
[EventType "swiss"]
[EventCountry "URU"]
[SourceTitle "playchess.com"]
[Source "ChessBase"]
[SourceQuality "1"]
[TimeControl "5400+30"]

1. e4 g6 2. d4 Bg7 3. Nc3 d6 4. Be3 a6 5. Qd2 Nd7 6. f3 b5 7. h4 h5 8. Nh3 Bb7 9. Nf2 Ngf6 10. O-O-O Rc8 11. Kb1 c6 12. Bg5 Qc7 13. g3 c5 14. dxc5 Nxc5 15. Nd3 Na4 16. Nxa4 bxa4 17. Rh2 O-O 18. Bh6 a5 19. Bxg7 Kxg7 20. Nc1 d5 21. exd5 Qxg3 22. Qf2 Qxf2 23. Rxf2 Nxd5 24. Rd4 Nb6 25. a3 Rfd8 26. Rxd8 Rxd8 27. c3 Bc6 28. Kc2 Nd5 29. Kd3 Nb6+ 30. Kc2 e5 31. Bd3 f5 32. Be2 Kf6 33. Nd3 e4 34. Nc5 e3 35. Rg2 Rd2+ 36. Kc1 Bb5 0-1

[Event "III Copa Marcel Duchamp 2019"]
[Site "Montevideo"]
[Date "2019.02.14"]
[Round "7.26"]
[White "Dotta, Gian Franco"]
[Black "Augoustis Funti, Alexis"]
[Result "1-0"]
[ECO "C10"]
[WhiteElo "1896"]
[BlackElo "1984"]
[Annotator "NA RC"]
[PlyCount "39"]
[EventDate "2019.02.09"]
[EventType "swiss"]
[EventCountry "URU"]
[SourceTitle "playchess.com"]
[Source "ChessBase"]
[SourceQuality "1"]
[TimeControl "5400+30"]

1. e4 e6 2. d4 d5 3. Nd2 dxe4 4. Nxe4 Nd7 5. Nf3 Ngf6 6. Nxf6+ Nxf6 7. c3 c5 8. Ne5 cxd4 9. Bb5+ Nd7 10. Qf3 Qe7 11. Bg5 f6 12. O-O-O a6 13. Bxd7+ Bxd7 14. Qxb7 Rd8 15. Rxd4 Qc5 16. Rxd7 Qxe5 17. Rhd1 Qxg5+ 18. Kb1 f5 19. Qc6 Qf4 20. Rxg7+ 1-0

[Event "III Copa Marcel Duchamp 2019"]
[Site "Montevideo"]
[Date "2019.02.14"]
[Round "7.27"]
[White "Benoit, Rodrigo"]
[Black "Pena Canapa, Alfredo"]
[Result "1-0"]
[ECO "D20"]
[WhiteElo "2189"]
[BlackElo "1867"]
[Annotator "NA RC"]
[PlyCount "57"]
[EventDate "2019.02.09"]
[EventType "swiss"]
[EventCountry "URU"]
[SourceTitle "playchess.com"]
[Source "ChessBase"]
[SourceQuality "1"]
[TimeControl "5400+30"]

1. d4 d5 2. c4 dxc4 3. e3 Nf6 4. Bxc4 e6 5. Nf3 Be7 6. O-O c5 7. Nc3 O-O 8. dxc5 Nbd7 9. c6 bxc6 10. e4 Nb6 11. Bd3 Qc7 12. Qe2 e5 13. h3 h6 14. Be3 Rd8 15. Rac1 Qd7 16. Nxe5 Qe6 17. f4 c5 18. Nb5 Ba6 19. Bxc5 Bxc5+ 20. Rxc5 Qxa2 21. Kh2 Bxb5 22. Bxb5 Rd4 23. Bd3 Na4 24. Rc2 Nb6 25. Nc6 Rd7 26. e5 Re8 27. Qf3 Nh7 28. Bf5 Rb7 29. Nb4 1-0

[Event "III Copa Marcel Duchamp 2019"]
[Site "Montevideo"]
[Date "2019.02.14"]
[Round "7.29"]
[White "Silva Rosas, Natalia"]
[Black "Vazquez, Facundo"]
[Result "0-1"]
[ECO "A02"]
[WhiteElo "1830"]
[BlackElo "2019"]
[Annotator "NA RC"]
[PlyCount "70"]
[EventDate "2019.02.09"]
[EventType "swiss"]
[EventCountry "URU"]
[SourceTitle "playchess.com"]
[Source "ChessBase"]
[SourceQuality "1"]
[TimeControl "5400+30"]

1. f4 Nf6 2. Nf3 g6 3. g3 d5 4. d3 Bg7 5. Bg2 O-O 6. O-O Nc6 7. c3 Re8 8. d4 e6 9. Qe1 b6 10. h3 Na5 11. b4 Nc4 12. Na3 Nd6 13. g4 Nfe4 14. Ne5 c5 15. Nc2 Bb7 16. bxc5 bxc5 17. dxc5 Nxc5 18. Be3 Nce4 19. Bd4 f6 20. Rb1 Qc7 21. Nd3 e5 22. fxe5 fxe5 23. Be3 Nxc3 24. Rb3 Nce4 25. Na3 d4 26. Rxb7 Qxb7 27. Nc5 Qe7 28. Nxe4 Nxe4 29. Bc1 Nc3 30. Bxa8 Rxa8 31. Qd2 e4 32. Qc2 Qe6 33. Rf4 d3 34. exd3 exd3 35. Qg2 Rc8 0-1

[Event "III Copa Marcel Duchamp 2019"]
[Site "Montevideo"]
[Date "2019.02.14"]
[Round "7.30"]
[White "Quevedo, Andreina"]
[Black "Siddeley, Hugh"]
[Result "0-1"]
[ECO "B32"]
[WhiteElo "1819"]
[BlackElo "1968"]
[Annotator "NA RC"]
[PlyCount "120"]
[EventDate "2019.02.09"]
[EventType "swiss"]
[EventCountry "URU"]
[SourceTitle "playchess.com"]
[Source "ChessBase"]
[SourceQuality "1"]
[TimeControl "5400+30"]

1. e4 c5 2. Nf3 Nc6 3. d4 cxd4 4. Nxd4 e5 5. Nb5 d6 6. N1c3 a6 7. Na3 b5 8. Nd5 Nce7 9. Be3 Nxd5 10. Qxd5 Be6 11. Qd3 d5 12. Nxb5 Qa5+ 13. Nc3 d4 14. Bxd4 exd4 15. Qxd4 Nf6 16. Bd3 Bb4 17. a3 Bxc3+ 18. Qxc3 Qxc3+ 19. bxc3 Ke7 20. Rb1 Ra7 21. Kd2 Rd8 22. f3 Nd7 23. Rb4 Nc5 24. Rhb1 Rad7 25. Ke2 Nxd3 26. cxd3 Rxd3 27. Rb7+ Ke8 28. Rc7 Rd2+ 29. Kf1 Rd1+ 30. Rxd1 Rxd1+ 31. Ke2 Ra1 32. f4 g6 33. Ke3 Rxa3 34. Kd4 Ra4+ 35. Ke5 Rc4 36. Ra7 Rc6 37. f5 gxf5 38. exf5 Bc8 39. g4 Kf8 40. Kd4 Kg7 41. c4 h5 42. h3 hxg4 43. hxg4 Rd6+ 44. Ke5 Rd7 45. Ra8 f6+ 46. Ke6 Rc7+ 47. Kd6 Rxc4 48. Ra7+ Kf8 49. Ra8 Ke8 50. Kd5 Rc1 51. Kd6 Kd8 52. Ra7 Rd1+ 53. Kc6 Rd7 54. Ra8 Rg7 55. Kb6 Rxg4 56. Ra7 Rb4+ 57. Kc6 Rb7 58. Ra8 Rb5 59. Ra7 Bb7+ 60. Kd6 Kc8 0-1

[Event "III Copa Marcel Duchamp 2019"]
[Site "Montevideo"]
[Date "2019.02.14"]
[Round "7.31"]
[White "Ortiz, Jorge"]
[Black "Araque, Jairo"]
[Result "1/2-1/2"]
[ECO "C44"]
[WhiteElo "1809"]
[BlackElo "1961"]
[Annotator "NA RC"]
[PlyCount "71"]
[EventDate "2019.02.09"]
[EventType "swiss"]
[EventCountry "URU"]
[SourceTitle "playchess.com"]
[Source "ChessBase"]
[SourceQuality "1"]
[TimeControl "5400+30"]

1. e4 e5 2. Nf3 Nc6 3. d4 exd4 4. Bc4 Bc5 5. Ng5 Nh6 6. Nxf7 Nxf7 7. Bxf7+ Kxf7 8. Qh5+ g6 9. Qxc5 d6 10. Qg5 Qxg5 11. Bxg5 Re8 12. f3 Kg7 13. O-O Be6 14. a3 Ne5 15. Nd2 h6 16. Bf4 g5 17. Bxe5+ dxe5 18. Rf2 Re7 19. g3 Rf8 20. Kg2 c5 21. b3 Rc7 22. Nc4 Bxc4 23. bxc4 Rf6 24. Rb1 Ra6 25. Rb3 Ra4 26. f4 gxf4 27. gxf4 exf4 28. Rxf4 Rxc4 29. Rg3+ Kh7 30. Rf2 Rg7 31. e5 Re7 32. e6 Rc3 33. Rg4 Rg7 34. Rf7 Rxc2+ 35. Kg3 Rc3+ 36. Kg2 1/2-1/2

[Event "III Copa Marcel Duchamp 2019"]
[Site "Montevideo"]
[Date "2019.02.14"]
[Round "7.32"]
[White "Reolon, Victor"]
[Black "Escofet, Jaime"]
[Result "0-1"]
[ECO "B14"]
[WhiteElo "1714"]
[BlackElo "1957"]
[Annotator "NA RC"]
[PlyCount "118"]
[EventDate "2019.02.09"]
[EventType "swiss"]
[EventCountry "URU"]
[SourceTitle "playchess.com"]
[Source "ChessBase"]
[SourceQuality "1"]
[TimeControl "5400+30"]

1. e4 c6 2. d4 d5 3. exd5 cxd5 4. c4 Nf6 5. Nc3 e6 6. Nf3 Be7 7. Bf4 O-O 8. c5 b6 9. Qb3 Nc6 10. cxb6 axb6 11. Bb5 Na5 12. Qc2 Bd7 13. O-O Nc4 14. Bxd7 Qxd7 15. b3 Na3 16. Qd3 Rac8 17. Rfc1 Qb7 18. Nd2 Rc6 19. h3 Rfc8 20. Nf3 Nd7 21. g4 Bd6 22. Bxd6 Rxd6 23. Nb5 Nxb5 24. Qxb5 Rdc6 25. Rxc6 Qxc6 26. Qxc6 Rxc6 27. Kf1 f6 28. Ke2 Kf7 29. Kd2 Ke7 30. h4 e5 31. Re1 Kd6 32. g5 b5 33. Rg1 Ra6 34. Ra1 b4 35. Ke2 Ke7 36. Kd2 Kd6 37. Ke2 Nf8 38. Ne1 Ne6 39. dxe5+ fxe5 40. Nd3 Nd4+ 41. Kd1 Nc6 42. Rc1 e4 43. Nf4 Rxa2 44. Nh5 g6 45. Nf6 Rxf2 46. Ne8+ Ke7 47. Rxc6 Kxe8 48. Rc7 Rf7 49. Rc5 Rd7 50. Rc8+ Ke7 51. Rb8 Ke6 52. Rxb4 Ke5 53. Rb8 d4 54. b4 Kf4 55. b5 Ke3 56. b6 Rf7 57. b7 d3 58. Kc1 d2+ 59. Kd1 Rf1+ 0-1

[Event "III Copa Marcel Duchamp 2019"]
[Site "Montevideo"]
[Date "2019.02.15"]
[Round "8.20"]
[White "Lagar, Valentin Alejo"]
[Black "Muzzi, Eduardo"]
[Result "1/2-1/2"]
[ECO "C06"]
[WhiteElo "2196"]
[BlackElo "1954"]
[Annotator "NA RC"]
[PlyCount "53"]
[EventDate "2019.02.09"]
[EventType "swiss"]
[EventCountry "URU"]
[SourceTitle "playchess.com"]
[Source "ChessBase"]
[SourceQuality "1"]
[TimeControl "5400+30"]

1. e4 e6 2. d4 d5 3. Nd2 Nf6 4. e5 Nfd7 5. c3 c5 6. Bd3 Nc6 7. Ne2 cxd4 8. cxd4 f6 9. exf6 Nxf6 10. Nf4 Nd7 11. Ne2 Nf6 12. Nf3 Bd6 13. O-O O-O 14. Bf4 Bxf4 15. Nxf4 Qd6 16. g3 Ne4 {LiveBook: 4 Games C06: French Tarrasch: 3...Nf6 4 e5 Nfd7 5 Bd3 main lines} (16... Qb4 17. Rb1 Kh8 18. a3 Qb6 19. Ng5 e5 20. Nxh7 Nxh7 21. Qh5 e4 22. Ng6+ Kg8 23. Qxd5+ Rf7 24. Bc4 {1-0 (30) Navara,D (2727)-Piesik,P (2353) Poland 2018}) 17. Bxe4 dxe4 18. Ng5 Rxf4 $146 ({Predecessor:} 18... h6 19. Nxe4 Qxd4 20. Qxd4 Nxd4 21. Ng6 Rf7 22. Rad1 Nc6 23. f4 b6 24. Rd6 {1-0 (83) Ozsakallioglu,O (1897)-Aydin,K (1910) Konya 2018}) 19. gxf4 Qxf4 20. Qh5 h6 21. Qe8+ Qf8 22. Qxf8+ Kxf8 23. Nxe4 Nxd4 {[#]} 24. f4 $1 b6 25. Rad1 Nf5 (25... Nb5 $142 26. Rd8+ Ke7) 26. Rd8+ Kf7 $2 (26... Ke7) 27. Rc1 $18 1/2-1/2

[Event "III Copa Marcel Duchamp 2019"]
[Site "Montevideo"]
[Date "2019.02.15"]
[Round "8.21"]
[White "Siddeley, Hugh"]
[Black "Benoit, Rodrigo"]
[Result "0-1"]
[ECO "A81"]
[WhiteElo "1968"]
[BlackElo "2189"]
[Annotator "NA RC"]
[PlyCount "92"]
[EventDate "2019.02.09"]
[EventType "swiss"]
[EventCountry "URU"]
[SourceTitle "playchess.com"]
[Source "ChessBase"]
[SourceQuality "1"]
[TimeControl "5400+30"]

1. d4 f5 2. g3 g6 3. Bg2 Bg7 4. Nh3 Nf6 5. O-O O-O 6. c4 e6 {A86: Dutch Defence: Leningrad System: Unusual lines and 5 Nh3} 7. d5 (7. Nc3 d6 8. Nf4 c6 9. Nd3 Nbd7 10. b3 e5 11. dxe5 dxe5 12. e4 fxe4 13. Nxe4 Nxe4 14. Bxe4 Nf6 15. Bg5 Qd4 16. Bxf6 Rxf6 {½-½ (33) Lenic,L (2625)-L'Ami,E (2623) Reykjavik 2015}) 7... Qe7 8. Nc3 e5 9. Qc2 $146 ({Predecessor:} 9. d6 Qxd6 10. Qxd6 cxd6 11. Nb5 Nc6 12. Rd1 e4 13. Nxd6 Ne8 14. Nxc8 Rxc8 15. Rxd7 {½-½ (35) Mason,I-Bogdanov,R ICCF email 1997}) 9... h6 10. Rb1 d6 11. f3 c6 12. Nf2 c5 13. b4 cxb4 14. Rxb4 Na6 15. Rb5 Nc5 16. Ba3 b6 17. Bxc5 bxc5 18. e4 h5 19. Re1 h4 ({Don't play} 19... Ba6 $6 20. Rbb1 $11) 20. Bh3 Nh5 21. Nh1 (21. g4 $11 Nf4 22. gxf5) 21... Bh6 22. Rb2 Kh8 23. Bf1 Rf7 24. Bd3 Qf8 25. Qe2 $17 Bd7 26. exf5 gxf5 27. f4 Nf6 28. fxe5 dxe5 29. Qf1 e4 30. Bb1 Ng4 31. Rbe2 Ne5 32. Rf2 e3 33. Rf4 Bxf4 34. Qxf4 Ng6 35. Qg5 Qg7 36. Rxe3 Qf6 37. gxh4 Nxh4 38. Qf4 Rg7+ 39. Ng3 Rg4 40. Qf2 Rb8 41. Qc2 Qd4 42. Kf2 Qf4+ 43. Ke2 Qxc4+ 44. Kf2 Rf4+ 45. Kg1 Qd4 46. Nd1 Ba4 0-1